 Dungeon Sprint DCSS version 0.30.1-4-g462c640d31 (webtiles) character file.

Game seed: 4407181334936714131

10387 Heoruswealwe the Ninja (level 11, -5/52 HPs)
             Began as a Spriggan Artificer on Aug 29, 2023.
             Was an Initiate of Gozag.
             Slain by a lorocyproca (36 damage)
             ... in the Dungeon (Sprint I: "Red Sonja").
             The game lasted 00:20:23 (1592 turns).

Heoruswealwe the Ninja (Spriggan Artificer)         Turns: 1592, Time: 00:20:23

Health: -5/52      AC:  2    Str:  8    XL:     11   Next: 35%
Magic:  0/12       EV: 33    Int: 13    God:    Gozag
Gold:   1327       SH:  0    Dex: 20    Spells: 10/10 levels left

rFire   . . .        a - +0 dagger
rCold   . . .        (no shield)
rNeg    . . .        c - +0 robe
rPois   .            (helmet restricted)
rElec   .            (no cloak)
rCorr   .            (gloves unavailable)
SInv    +            (boots unavailable)
Will    ++...        (no amulet)
Stlth   ++++++++++   m - ring of willpower
HPRegen 0.28/turn    (no ring)
MPRegen 0.13/turn

%: no teleportation
@: very quick
A: very small, no large weapons, unfitting armour, see invisible, speed 3
a: Renounce Religion, Potion Petition, Call Merchant, Bribe Branch


You were in the Dungeon.
You worshipped Gozag.
Gozag was most pleased with you.
You visited 1 branch You collected 3721 gold pieces.
You spent 2358 gold pieces at shops.
You donated 36 gold pieces to Zin.

Inventory:

Hand Weapons
 a - a +0 dagger (weapon)
 s - the +1 rapier of Prudence {pain, rC- Str+5 Int+3 Stlth+}
   (You bought it in a shop in the Dungeon)

   Str:       It affects your strength (+5).
   Int:       It affects your intelligence (+3).
   rC:        It makes you vulnerable to cold.
   Stlth:     It makes you more stealthy.
Armour
 c - a +0 robe (worn)
 r - a scarf of harm
Jewellery
 m - a ring of willpower (left hand)
Wands
 d - a wand of charming (8)
 l - a wand of digging (5)
Scrolls
 n - 2 scrolls of identify
 o - 3 scrolls of poison
 p - a scroll of brand weapon
Potions
 f - 3 potions of curing
 h - a potion of haste
 i - 2 potions of magic
 j - a potion of berserk rage
Miscellaneous
 b - a lightning rod (inert)
 q - a phial of floods (inert)


   Skills:
 + Level 3.5 Fighting
 + Level 4.4 Short Blades
 + Level 18.5 Dodging
 O Level 27 Stealth
 * Level 19.3 Evocations


You had 10 spell levels left.
You didn't know any spells.
Your spell library contained the following spells:

 Spells                   Type           Power      Damage    Failure   Level
 Freeze                   Ice            0%         1d3       30%         1
 Frozen Ramparts          Ice            0%         1d1       67%         3
 Hailstorm                Conj/Ice       0%         3d3       67%         3


Dungeon Overview and Level Annotations

Branches:
Dungeon (1/1)

Altars:
Cheibriados
Dithmenos
Elyvilon
Fedhas
Gozag
Hepliaklqana
Kikubaaqudgha
Makhleb
Nemelex Xobeh
Okawaru
Qazlal
Ru
Sif Muna
Trog
Uskayaw
Vehumet
Wu Jian
Xom
Yredelemnul
Zin
The Shining One
Jiyva
Lugonu

Shops:
D (:[!!(:((*(=[==*(!*[(


Innate Abilities, Weirdness & Mutations

You are very small and have problems with some larger weapons.
You are too small for most types of armour.
You have supernaturally acute eyesight. (SInv)
You cover ground extremely quickly. (Speed+++)


Message History

The lorocyproca hits you.
You feel your power leaking away.
You feel much better. The lorocyproca completely misses you.
Okay, then.
Your unstable footing causes you to fumble your attack.
Your unstable footing causes you to fumble your attack.
The lorocyproca misses you.
You hit the lorocyproca but do no damage.
The lorocyproca is severely wounded.
The lorocyproca completely misses you.
You closely miss the lorocyproca.
The lorocyproca is severely wounded.
The lorocyproca completely misses you.
Your unstable footing causes you to fumble your attack.
Your unstable footing causes you to fumble your attack.
The lorocyproca completely misses you.
You completely miss the lorocyproca.
The lorocyproca is severely wounded.
The lorocyproca barely misses you.
You hit the lorocyproca but do no damage.
The lorocyproca is severely wounded.
The lorocyproca is no longer waterlogged.
The lorocyproca completely misses you.
You barely miss the lorocyproca.
The lorocyproca is severely wounded.
The lorocyproca hits you!
You feel your power leaking away.
Your unstable footing causes you to fumble your attack.
You hit the lorocyproca but do no damage.
The lorocyproca is severely wounded.
The lorocyproca closely misses you.
You barely miss the lorocyproca.
The lorocyproca is severely wounded.
The lorocyproca barely misses you.
You hit the lorocyproca.
The lorocyproca is severely wounded.
The lorocyproca hits you!!!
Ouch! That really hurt!
You die...
Your body crumbles into a pile of gold.

##############
#__#..'...#..# $$ $ $
'..'.)#.).##'#$### $ $
#__####)..'..#$#@### $
####§§#####..+$#2#$###
$
#~§~.§#..##+####~~$#y#
$$$
+§~§.§+..#.....#~.$###
$
#~~§§§#..#.....+.~$$$#
$
##+#####'###.°°#.....#
$
#.).[###.+.#°.°###++##
$ ##'###.###.#°○##
.....'.∩##.#○○# $$


You could see a lorocyproca (invisible).

Vanquished Creatures
  2 centaur warriors (D)
  Sonja (D)
  A deep troll (D)
  8 shining eyes (D)
  An oklob plant (D)
  4 demonic crawlers (D)
  A gargoyle (D)
  2 kobold demonologists (D)
  2 unseen horrors (D)
  A hornet (D)
  A slime creature (D)
  Sigmund (D)
  A yak (D)
  2 redbacks (D)
  6 floating eyes (D)
  An ogre (D)
  3 necrophages (D)
  7 jellies (D)
  Ijyb (D)
46 creatures vanquished.

Vanquished Creatures (others)
  4 necrophages (D)
  A jelly (D)
  2 ballistomycete spores (D)
7 creatures vanquished.

Grand Total: 53 creatures vanquished

Notes
Turn   | Place    | Note
-------+----------+-------------------------------------------
     0 | D        | Heoruswealwe the Spriggan Artificer began the quest for the
                  | Orb.
     0 | D        | Reached XP level 1. HP: 9/9 MP: 2/2
     1 | D        | Noticed Ijyb
     5 | D        | Killed Ijyb
     6 | D        | Reached skill level 6 in Stealth
     6 | D        | Reached skill level 5 in Evocations
     6 | D        | Reached XP level 2. HP: 14/14 MP: 3/3
    32 | D        | Noticed an ogre
    50 | D        | Killed an ogre
    51 | D        | Reached skill level 10 in Stealth
    51 | D        | Reached XP level 3. HP: 17/17 MP: 4/4
    51 | D        | Reached XP level 4. HP: 21/21 MP: 5/5
    74 | D        | Noticed Sigmund
    77 | D        | Killed Sigmund
    78 | D        | Reached skill level 13 in Stealth
    78 | D        | Reached XP level 5. HP: 25/25 MP: 6/6
    78 | D        | Reached XP level 6. HP: 29/29 MP: 7/7
    89 | D        | Found a burning altar of Makhleb.
    89 | D        | Found a viscous altar of Jiyva.
    89 | D        | Found a shimmering altar of Xom.
    89 | D        | Found a corrupted altar of Lugonu.
    89 | D        | Noticed a slime creature
    95 | D        | Killed a slime creature
    96 | D        | Reached skill level 10 in Dodging
    96 | D        | Reached skill level 15 in Stealth
    96 | D        | Reached skill level 10 in Evocations
    98 | D        | Found an ornate altar of the Wu Jian Council.
    98 | D        | Found a shimmering blue altar of Sif Muna.
   100 | D        | Found a radiant altar of Vehumet.
   144 | D        | Found Qirumm's Distillery.
   144 | D        | Found an ancient bone altar of Kikubaaqudgha.
   144 | D        | Found a hazy altar of Hepliaklqana.
   144 | D        | Found a stormy altar of Qazlal.
   144 | D        | Found a hide-covered altar of Uskayaw.
   144 | D        | Found a blossoming altar of Fedhas.
   144 | D        | Found a bloodstained altar of Trog.
   144 | D        | Found an iron altar of Okawaru.
   144 | D        | Found a basalt altar of Yredelemnul.
   144 | D        | Found a glowing golden altar of the Shining One.
   144 | D        | Found a snail-covered altar of Cheibriados.
   144 | D        | Found a sacrificial altar of Ru.
   144 | D        | Found a glowing silver altar of Zin.
   144 | D        | Found a shadowy altar of Dithmenos.
   144 | D        | Found a white marble altar of Elyvilon.
   144 | D        | Noticed a yak
   145 | D        | Found an opulent altar of Gozag.
   146 | D        | Killed a yak
   147 | D        | Reached skill level 16 in Stealth
   147 | D        | Reached XP level 7. HP: 32/32 MP: 8/8
   147 | D        | Found a sparkling altar of Nemelex Xobeh.
   152 | D        | Became a worshipper of Zin the Law-Giver
   152 | D        | Reached * piety under Zin
   152 | D        | Reached ** piety under Zin
   152 | D        | Reached *** piety under Zin
   152 | D        | Reached **** piety under Zin
   152 | D        | Reached ***** piety under Zin
   152 | D        | Reached ****** piety under Zin
   161 | D        | Noticed Sonja
   163 | D        | Killed Sonja
   164 | D        | Reached skill level 19 in Stealth
   164 | D        | Reached XP level 8. HP: 37/37 MP: 9/9
   180 | D        | Found Cutoeb's Weapon Boutique.
   190 | D        | Noticed a shining eye
   190 | D        | Noticed a shining eye
   190 | D        | Noticed a shining eye
   190 | D        | Noticed a shining eye
   190 | D        | Noticed a shining eye
   190 | D        | Noticed a shining eye
   193 | D        | Noticed a shining eye
   193 | D        | Noticed a shining eye
   199 | D        | Paralysed by a floating eye for 3 turns
   204 | D        | Reached skill level 20 in Stealth
   205 | D        | Killed a shining eye
   207 | D        | Killed a shining eye
   208 | D        | Reached skill level 21 in Stealth
   208 | D        | Reached XP level 9. HP: 40/40 MP: 10/10
   208 | D        | Paralysed by a floating eye for 3 turns
   213 | D        | Killed a shining eye
   214 | D        | Reached skill level 22 in Stealth
   217 | D        | Paralysed by a floating eye for 2 turns
   373 | D        | Killed a shining eye
   374 | D        | Reached skill level 23 in Stealth
   374 | D        | Reached skill level 15 in Evocations
   479 | D        | Killed a shining eye
   480 | D        | Reached skill level 15 in Dodging
   571 | D        | Killed a shining eye
   572 | D        | Reached skill level 24 in Stealth
   572 | D        | Reached XP level 10. HP: 44/44 MP: 11/11
   631 | D        | Killed a shining eye
   701 | D        | Killed a shining eye
   702 | D        | Reached skill level 25 in Stealth
   721 | D        | Found Zofag's Book Shoppe.
   721 | D        | Found Mac Xuw's Distillery.
   721 | D        | Found Suideg's Armour Emporium.
   721 | D        | Found Horoer's Weapon Boutique.
   760 | D        | Fell from the grace of Zin
   760 | D        | Became a worshipper of Gozag Ym Sagoz the Greedy
   832 | D        | Noticed a deep troll
   836 | D        | Killed a deep troll
   847 | D        | Found Boorouho's Armour Emporium.
   870 | D        | Noticed a centaur warrior
   870 | D        | Noticed a centaur warrior
   873 | D        | Killed a centaur warrior
   873 | D        | Killed a centaur warrior
   874 | D        | Reached skill level 26 in Stealth
   914 | D        | Noticed an oklob plant
   916 | D        | Killed an oklob plant
   931 | D        | Reached skill level 27 in Stealth
   950 | D        | Paralysed by a floating eye for 4 turns
   955 | D        | Paralysed by a floating eye for 3 turns
   959 | D        | Paralysed by a floating eye for 4 turns
   986 | D        | Reached XP level 11. HP: 48/48 MP: 12/12
  1000 | D        | Reached skill level 1 in Fighting
  1026 | D        | Reached skill level 1 in Short Blades
  1045 | D        | Found Dial's Weapon Shoppe.
  1066 | D        | Found Hilialu's Book Shop.
  1066 | D        | Found Ofetuczo's Weapon Boutique.
  1108 | D        | Identified the +5 scale mail "Fobuman" {rN+ Str+4 Dex-5
                  | Slay+3}
  1115 | D        | Found Qyonerhe's General Store.
  1115 | D        | Found Ceshisytt's Antique Weapon Shop.
  1115 | D        | Found Hineh's Jewellery Shoppe.
  1115 | D        | Found Yref's Antique Armour Boutique.
  1115 | D        | Found Bacriadgha's Jewellery Emporium.
  1115 | D        | Found Ugyxaa's Jewellery Shop.
  1115 | D        | Found Fowkiwy's Assorted Antiques.
  1123 | D        | Found Omieti's Distillery.
  1123 | D        | Found Mypic's Antique Weapon Emporium.
  1123 | D        | Found Pour's General Store.
  1125 | D        | Found Eggounor's Weapon Boutique.
  1129 | D        | Bought a scroll of identify for 28 gold pieces
  1131 | D        | Bought a lightning rod (4/4) for 780 gold pieces
  1131 | D        | Bought 3 scrolls labelled YRUKHIS NUWIT for 78 gold pieces
  1131 | D        | Bought a scroll labelled DOT TOZIF QIUC for 26 gold pieces
  1131 | D        | Bought a phial of floods for 1040 gold pieces
  1134 | D        | Bought a runed scarf for 208 gold pieces
  1136 | D        | Bought a shimmering rapier for 198 gold pieces
  1136 | D        | Identified the +1 rapier of Prudence {pain, rC- Str+5 Int+3
                  | Stlth+} (You bought it in a shop in the Dungeon)
  1301 | D        | HP: 1/50 [demonic crawler (6)]
  1563 | D        | Noticed a lorocyproca
  1592 | D        | Slain by a lorocyproca

Illustrated notes

Levels and vault maps discovered:
D:        dungeon_sprint_1 [red_sonja_temple_1, red_sonja_temple_small_1]

Skill      XL: |  1  2  3  4  5  6  7  8  9 10 11 |
---------------+----------------------------------+-----
Dodging        | 4 6 8 10 12 13 15 17 18 | 18.5
Stealth        | 6 10 13 16 19 21 24 27 | 27.0
Evocations     | 5 7 9 11 12 14 15 17 19 | 19.3
Fighting       | 3 |  3.5
Short Blades   | 4 |  4.4

Action                     |  1- 3 |  4- 6 |  7- 9 | 10-12 || total
---------------------------+-------+-------+-------+-------++-------
  Melee: Dagger            |       |     5 |   348 |   196 ||   549
         Punch             |       |       |     8 |     7 ||    15
  Evoke: Wand              |    10 |     2 |     2 |    21 ||    35
         Lightning rod     |       |       |       |    12 ||    12
         Phial of floods   |       |       |       |     2 ||     2
    Use: Scroll            |       |       |       |     3 ||     3
         Potion            |       |       |       |     1 ||     1
   Stab: Sleeping          |       |     4 |     6 |     8 ||    18
         Distracted        |       |       |       |     1 ||     1
 Armour: Robe              |       |       |       |     1 ||     1
  Dodge: Dodged            |     2 |     2 |       |    78 ||    82
